Map: Lightshade LE

Players

Heeebster - Winner!

  • Race: Protoss Protoss
  • League: Diamond
  • Spawn Location: 11:00

KRUM

  • Race: Terran Terran
  • League: Master
  • Spawn Location: 5:00

VOD

Have the link to the VOD?

Description

Time

  • Played on: Nov. 16, 2020, 8:44 p.m.
  • Length: 5:53
Show
View Real Time Build Order
Export as new Build Order

Heeebster Protoss - Winner!

Build Orders: Blink Stalkers 

Get SALT Encoding   

  12  0:01  Probe  
  13  0:13  Probe  
  14  0:17  Pylon  
  14  0:25  Probe  
  15  0:35  Gateway  
  15  0:39  Probe (Chrono Boost)  
  16  0:43  Assimilator  
  16  0:49  Probe (Chrono Boost)  
  17  0:51  Assimilator  
  17  0:54  Probe (Chrono Boost)  
  18  1:06  Probe  
  19  1:18  Probe  
  20  1:22  Cybernetics Core  
  20  1:25  Pylon  
  20  1:30  Probe  
  21  1:42  Probe  
  22  1:54  Probe  
  22  1:57  Stalker (Chrono Boost)  
  22  2:00  Warp Gate  
  25  2:06  Probe  
  26  2:21  Twilight Council  
  26  2:33  Gateway  
  26  2:35  Gateway  
  26  2:37  Gateway  
  26  2:41  Stalker  
  28  2:51  Blink (Chrono Boost)  
  28  2:54  Pylon  
  28  3:02  Pylon  
  28  3:48  Stalker x2  
  28  3:49  Stalker x2  
  36  4:12  Stalker  
  36  4:13  Stalker x3  
  43  4:19  Pylon  
  37  4:39  Stalker x3  
  37  4:42  Stalker  
  37  5:12  Stalker x2  
  37  5:13  Stalker  
  43  5:14  Stalker  
  39  5:47  Stalker x4  
Show
View Real Time Build Order
Export as new Build Order

KRUM Terran 

Build Orders:  

Get SALT Encoding   

  12  0:01  SCV  
  13  0:13  SCV  
  14  0:21  Supply Depot  
  14  0:26  SCV  
  16  0:42  SCV  
  16  0:43  Barracks  
  16  0:48  Refinery  
  16  0:54  SCV  
  17  1:07  SCV  
  18  1:19  SCV  
  19  1:34  Orbital Command  
  19  1:39  Barracks  
  19  1:40  Barracks  
  19  1:52  Engineering Bay  
  19  2:00  Reaper  
  20  2:02  SCV  
  20  2:03  Supply Depot  
  21  2:18  SCV  
  22  2:27  Barracks Tech Lab x2  
  21  2:34  Supply Depot, Marine  
  22  2:43  SCV  
  23  2:45  Command Center  
  23  2:48  Marauder x2  
  23  2:49  Concussive Shells  
  27  2:53  Supply Depot  
  27  2:55  SCV  
  28  3:00  Barracks Reactor  
  28  3:08  SCV  
  29  3:18  Marine x2  
  31  3:24  Stimpack  
  31  3:26  SCV  
  32  3:36  Command Center  
  31  3:44  SCV, Marine  
  31  3:45  Marine x2  
  31  3:46  Marine  
  36  3:57  Supply Depot  
  36  4:02  SCV  
  37  4:06  Engineering Bay  
  37  4:09  Factory  
  37  4:22  Marine  
  37  4:23  Marine, Marauder x2  
  38  4:40  Bunker, Marine  
  38  4:44  Marine  
  38  4:45  Marauder  
  38  4:58  Marine  
  34  5:03  Marauder  
  34  5:05  Marine  
  28  5:19  Factory Tech Lab  
  28  5:26  Marauder  
Tags
 
Composition
Blink Stalkers
Matchup
PvT
Replay Pack
Replays
Spawn Locations
Cross Positions
Add a new tag
Caveats
  • Supply blocks, unpowered buildings, or Contaminate may cause inaccurate times.
  • Supply counts are checked every 10 seconds.